Map: Ice and Chrome LE

Players

Serral

  • Race: Zerg Zerg
  • League: Master
  • Spawn Location: 1:00

Reynor - Winner!

  • Race: Zerg Zerg
  • Spawn Location: 7:00

Event: DreamHack SC2 Masters 2020 Summer Europe

VOD

Have the link to the VOD?

Description

Time

  • Played on: July 12, 2020, 2:50 p.m.
  • Length: 18:48

All games in this series

Show
View Real Time Build Order
Export as new Build Order

Serral Zerg 

Build Orders: Hatch First, Lurkers, Roach Hydra 

Get SALT Encoding   

  12  0:00  Drone  
  13  0:11  Overlord  
  13  0:16  Drone  
  14  0:30  Drone x2  
  16  0:47  Hatchery  
  15  0:50  Drone  
  15  0:54  Drone  
  17  0:57  Drone  
  18  1:08  Extractor  
  17  1:12  Spawning Pool  
  17  1:15  Drone  
  18  1:18  Drone  
  18  1:27  Drone  
  19  1:38  Drone  
  20  1:48  Drone  
  21  1:59  Overlord, Queen x2  
  21  2:00  Zergling x2  
  26  2:07  Metabolic Boost  
  26  2:09  Drone  
  26  2:10  Drone  
  28  2:20  Drone  
  28  2:21  Drone  
  30  2:32  Hatchery  
  30  2:35  Drone  
  30  2:37  Drone  
  30  2:42  Drone  
  30  2:44  Overlord  
  32  2:50  Queen  
  34  2:53  Drone  
  34  2:55  Drone  
  36  3:08  Zergling x8  
  36  3:09  Zergling x4  
  42  3:13  Zergling x4  
  42  3:18  Baneling Nest  
  43  3:21  Evolution Chamber  
  43  3:24  Overlord  
  42  3:27  Zergling x2  
  42  3:29  Drone  
  44  3:46  Drone x5  
  44  3:48  Drone x3  
  52  3:51  Zerg Missile Weapons Level 1  
  52  3:55  Overlord  
  51  3:57  Drone  
  51  4:03  Baneling x2  
  51  4:04  Zergling x6  
  54  4:12  Extractor  
  54  4:13  Roach Warren  
  54  4:15  Zergling x4  
  54  4:18  Drone  
  54  4:19  Baneling, Drone  
  54  4:20  Drone x2  
  54  4:23  Drone x2  
  59  4:25  Drone  
  59  4:28  Drone x2  
  62  4:33  Lair  
  62  4:35  Extractor  
  62  4:36  Drone  
  62  4:39  Drone x2  
  62  4:43  Overlord  
  64  4:46  Drone x2  
  64  4:49  Overlord  
  66  4:56  Overlord  
  65  5:01  Overlord  
  65  5:02  Pneumatized Carapace, Drone, Extractor  
  65  5:03  Drone x2  
  65  5:04  Drone x2  
  69  5:07  Drone x2  
  69  5:09  Drone  
  69  5:10  Drone  
  69  5:12  Drone  
  69  5:13  Drone  
  75  5:16  Drone x3  
  75  5:18  Drone  
  79  5:22  Extractor x2  
  79  5:23  Overlord  
  79  5:24  Drone  
  80  5:28  Drone x2  
  80  5:33  Drone  
  80  5:34  Drone x3  
  80  5:35  Overseer, Glial Reconstitution  
  83  5:46  Hatchery  
  83  5:47  Drone, Overlord  
  83  5:51  Roach x3  
  83  5:55  Overlord  
  89  5:57  Zerg Missile Weapons Level 2  
  89  6:00  Evolution Chamber, Drone  
  89  6:03  Roach  
  89  6:04  Roach  
  93  6:10  Infestation Pit  
  92  6:14  Queen x2  
  92  6:16  Queen  
  98  6:19  Hydralisk Den  
  98  6:20  Roach x2  
  98  6:22  Baneling x2  
  98  6:25  Overlord  
  102  6:29  Zerg Ground Armor Level 1  
  103  6:33  Roach x2  
  103  6:35  Spore Crawler  
  105  6:44  Roach  
  105  6:45  Roach x2  
  110  6:49  Lurker Den  
  110  6:50  Grooved Spines  
  106  6:58  Drone x7  
  106  7:01  Hydralisk x3  
  109  7:03  Spore Crawler  
  110  7:11  Spore Crawler  
  110  7:15  Spore Crawler  
  108  7:18  Hydralisk x2  
  110  7:23  Spore Crawler  
  110  7:25  Hydralisk x3  
  107  7:32  Hydralisk x2  
  108  7:52  Drone x11  
  119  7:59  Hydralisk  
  119  8:01  Muscular Augments  
  121  8:08  Lurker  
  121  8:10  Spore Crawler  
  121  8:11  Lurker  
  122  8:15  Spore Crawler  
  122  8:18  Hatchery  
  119  8:22  Overlord x4  
  119  8:23  Overlord x2, Spore Crawler  
  115  8:28  Spore Crawler  
  115  8:31  Overlord  
  114  8:35  Spore Crawler  
  114  8:39  Overlord  
  113  8:41  Spore Crawler  
  113  8:42  Lurker x3  
  113  8:43  Hydralisk x3  
  113  8:47  Hydralisk  
  123  8:52  Hydralisk x2  
  123  8:53  Hydralisk  
  129  9:02  Infestation Pit  
  129  9:03  Drone x3  
  127  9:12  Drone x2  
  119  9:23  Lurker x2  
  121  9:27  Hydralisk  
  121  9:28  Hydralisk x4, Spore Crawler  
  130  9:31  Spore Crawler  
  130  9:37  Drone x2, Lurker, Spore Crawler  
  131  9:41  Hive  
  131  9:46  Drone x2  
  131  9:47  Drone x2  
  131  9:50  Spore Crawler  
  134  9:55  Drone x4  
  138  10:03  Drone x5  
  138  10:05  Drone  
  144  10:09  Extractor  
  144  10:11  Extractor  
  144  10:12  Drone x2  
  144  10:16  Drone  
  144  10:17  Overseer, Spore Crawler  
  144  10:25  Drone x5  
  138  10:35  Drone  
  139  10:36  Hydralisk x3  
  139  10:39  Burrow  
  139  10:41  Spore Crawler  
  143  10:43  Hydralisk  
  143  10:49  Overlord  
  145  10:51  Drone  
  145  10:52  Hydralisk x2  
  145  10:57  Viper x2  
  150  11:02  Zerg Missile Weapons Level 3  
  156  11:08  Drone x2  
  156  11:09  Drone  
  159  11:12  Overlord x2  
  159  11:13  Overseer  
  159  11:17  Seismic Spines  
  159  11:24  Viper x2  
  163  11:31  Hydralisk x3  
  149  11:49  Drone x3  
  149  11:52  Drone x2  
  154  11:54  Drone  
  154  11:59  Hatchery, Drone x2  
  154  12:00  Drone  
  157  12:08  Viper x2  
  157  12:14  Adaptive Talons  
  157  12:15  Roach  
  163  12:19  Overlord  
  163  12:21  Overseer  
  163  12:23  Drone  
  163  12:25  Drone  
  163  12:36  Drone x2  
  165  12:44  Viper x2  
  165  12:45  Hatchery  
  168  12:56  Hydralisk x3  
  174  13:00  Lurker x2  
  164  13:30  Hydralisk x10  
  164  13:34  Spore Crawler  
  181  13:47  Hatchery  
  180  13:55  Hydralisk  
  180  13:56  Hydralisk x4  
  180  13:59  Overseer  
  190  14:03  Lurker x3  
  190  14:04  Lurker  
  190  14:09  Lurker x2  
  196  14:11  Overseer, Overlord  
  196  14:14  Hydralisk  
  198  14:38  Drone x3  
  197  14:41  Drone  
  197  14:42  Drone  
  196  15:08  Viper x2  
  196  15:10  Hydralisk x2  
  196  15:11  Overseer x2  
  196  15:13  Hatchery  
  199  15:15  Drone  
  192  15:30  Overseer  
  192  15:32  Overlord  
  192  15:34  Overlord  
  192  15:35  Overlord  
  186  15:36  Overseer, Extractor  
  186  15:37  Extractor  
  186  15:42  Overlord  
  179  15:47  Drone x2  
  181  15:51  Drone  
  181  15:55  Drone x3, Overlord  
  181  15:56  Drone  
  183  15:58  Hydralisk x5  
  193  16:07  Drone x2  
  195  16:12  Viper  
  195  16:13  Hydralisk  
  194  16:22  Hydralisk x4  
  196  16:37  Lurker x4  
  183  16:57  Viper x2  
  183  16:58  Hydralisk x7  
  199  17:06  Drone  
  200  17:12  Drone  
  200  17:14  Spore Crawler  
  194  17:22  Viper x2  
  192  17:23  Viper  
  192  17:24  Hydralisk  
  192  17:28  Hydralisk x7  
  185  17:30  Hydralisk x9  
  187  17:41  Hydralisk x3  
  187  17:42  Hatchery  
  157  17:51  Lurker x6  
  159  17:52  Lurker x2  
  159  17:57  Hydralisk x4  
  164  18:02  Hydralisk x2  
  152  18:09  Hydralisk x2  
  142  18:18  Hydralisk x2  
  137  18:20  Hydralisk x2  
  137  18:29  Lurker x2  
  137  18:31  Overseer  
Show
View Real Time Build Order
Export as new Build Order

Reynor Zerg - Winner!

Build Orders: Hatch First, Lurkers, Muta Ling Bane 

Get SALT Encoding   

  12  0:00  Drone  
  13  0:12  Overlord  
  13  0:16  Drone  
  14  0:30  Drone x2  
  16  0:48  Hatchery  
  15  0:50  Drone  
  15  0:55  Drone  
  17  0:57  Drone  
  18  1:08  Extractor  
  17  1:13  Spawning Pool  
  17  1:15  Drone  
  17  1:19  Drone  
  18  1:27  Drone  
  19  1:38  Drone  
  20  1:49  Drone  
  21  1:59  Overlord, Queen  
  21  2:00  Zergling x2, Queen  
  26  2:09  Metabolic Boost  
  26  2:10  Drone  
  26  2:11  Drone  
  28  2:21  Drone  
  28  2:22  Drone  
  30  2:32  Hatchery  
  30  2:35  Drone  
  30  2:38  Drone  
  30  2:43  Drone  
  32  2:46  Drone  
  32  2:50  Baneling Nest  
  32  2:53  Overlord  
  32  2:55  Drone  
  33  3:04  Drone x2  
  35  3:07  Zergling x2  
  36  3:13  Evolution Chamber  
  36  3:14  Drone x2  
  36  3:15  Zergling x4  
  36  3:18  Overlord  
  36  3:19  Zergling x2  
  40  3:24  Queen  
  42  3:29  Drone x2  
  42  3:33  Baneling  
  42  3:34  Baneling  
  44  3:35  Baneling  
  44  3:38  Zergling x2  
  44  3:39  Zergling x6  
  48  3:46  Zergling x6  
  51  3:49  Drone x2  
  51  3:53  Drone  
  54  3:55  Drone  
  54  4:00  Drone  
  54  4:01  Drone  
  56  4:05  Drone  
  56  4:07  Lair  
  56  4:09  Drone, Extractor  
  57  4:10  Extractor  
  57  4:13  Drone, Extractor  
  57  4:16  Overlord  
  56  4:20  Drone  
  56  4:22  Drone  
  56  4:26  Drone x2  
  56  4:27  Drone  
  56  4:28  Drone  
  58  4:31  Overlord  
  58  4:33  Zerg Melee Weapons Level 1  
  58  4:36  Drone x2  
  58  4:37  Drone  
  58  4:38  Roach Warren  
  60  4:39  Drone  
  60  4:41  Drone  
  60  4:43  Drone  
  63  4:46  Drone  
  63  4:52  Drone  
  65  4:53  Drone  
  65  4:57  Drone  
  65  4:58  Drone x2  
  65  4:59  Drone  
  70  5:01  Drone  
  70  5:02  Overlord  
  70  5:07  Spire  
  70  5:08  Drone x2  
  70  5:09  Drone  
  70  5:11  Extractor  
  70  5:12  Drone, Extractor  
  71  5:14  Overlord  
  71  5:18  Drone x2  
  73  5:22  Drone  
  73  5:23  Overseer  
  73  5:25  Drone x2  
  76  5:29  Overlord  
  76  5:30  Drone  
  76  5:32  Drone x2  
  76  5:33  Drone  
  76  5:34  Drone  
  81  5:38  Overlord  
  81  5:51  Overlord  
  81  5:55  Hatchery  
  80  5:59  Zergling x2  
  80  6:00  Zergling x20  
  80  6:01  Zergling x2  
  80  6:02  Zergling x2  
  93  6:04  Overlord  
  93  6:07  Zergling x6  
  93  6:09  Zergling x2  
  97  6:20  Mutalisk x2, Zerg Flyer Weapons Level 1  
  97  6:21  Mutalisk  
  97  6:22  Mutalisk  
  97  6:24  Overlord  
  105  6:25  Mutalisk x2  
  105  6:29  Mutalisk  
  105  6:30  Mutalisk x2  
  105  6:32  Drone x3  
  117  6:35  Drone x2  
  117  6:37  Mutalisk  
  119  6:43  Mutalisk  
  119  6:47  Mutalisk x2  
  118  6:50  Zergling x2  
  118  6:52  Mutalisk x2  
  125  6:56  Zergling x4  
  125  7:00  Mutalisk  
  126  7:02  Zergling x2  
  126  7:08  Mutalisk  
  123  7:10  Baneling x3  
  123  7:12  Zergling x6  
  123  7:14  Queen  
  129  7:16  Zerg Melee Weapons Level 2  
  129  7:17  Drone  
  129  7:19  Drone x2  
  132  7:23  Overlord  
  132  7:28  Mutalisk  
  129  7:33  Mutalisk  
  129  7:35  Drone x8  
  124  7:41  Centrifical Hooks, Extractor x2  
  124  7:44  Mutalisk  
  122  7:47  Zergling x12  
  122  7:48  Hatchery  
  129  7:52  Evolution Chamber, Infestation Pit  
  129  7:53  Zergling x4  
  129  7:56  Zergling x2  
  130  8:02  Mutalisk x2  
  133  8:10  Overlord, Zergling x10  
  133  8:11  Overlord  
  138  8:13  Zergling x2  
  138  8:14  Zergling x8  
  138  8:17  Zerg Missile Weapons Level 1  
  138  8:19  Zergling x2  
  144  8:25  Overlord x3  
  143  8:29  Hydralisk Den  
  143  8:32  Baneling x13  
  142  8:36  Zergling x14  
  142  8:38  Drone x2  
  142  8:39  Baneling x8  
  151  8:41  Zergling x8  
  151  8:43  Drone  
  151  8:46  Drone  
  151  8:48  Hive, Overlord  
  157  8:49  Zergling x2  
  157  8:51  Zergling x2  
  157  8:54  Drone x2  
  161  8:56  Overlord  
  161  9:00  Drone  
  155  9:16  Drone x4  
  155  9:18  Extractor x2  
  155  9:19  Drone x5, Muscular Augments  
  158  9:25  Baneling x8  
  158  9:27  Hydralisk x5  
  158  9:30  Hydralisk x2  
  172  9:33  Zerg Ground Armor Level 1  
  172  9:36  Pneumatized Carapace, Hydralisk x2  
  176  9:42  Hydralisk x2  
  179  9:45  Overlord  
  179  9:51  Hydralisk  
  179  9:52  Zergling x8  
  184  9:56  Hydralisk x4  
  184  9:59  Baneling x5  
  189  10:05  Drone x2  
  191  10:07  Spore Crawler  
  191  10:08  Overseer, Spine Crawler  
  191  10:14  Lurker Den  
  188  10:18  Overlord  
  188  10:19  Hydralisk x3  
  188  10:20  Zergling x8  
  197  10:25  Hydralisk x3  
  197  10:26  Zerg Missile Weapons Level 2  
  198  10:46  Grooved Spines  
  198  11:01  Baneling x6  
  198  11:06  Overlord  
  198  11:12  Spore Crawler  
  198  11:16  Baneling x16  
  198  11:17  Baneling x11  
  196  11:25  Seismic Spines  
  196  11:32  Zerg Ground Armor Level 2  
  194  11:39  Viper  
  183  11:40  Viper x3  
  183  11:45  Spore Crawler x3, Zergling x2  
  183  11:46  Zergling x16  
  198  11:50  Lurker x3  
  199  11:54  Zergling x2  
  199  11:56  Baneling x3  
  199  12:01  Hatchery  
  199  12:03  Spore Crawler  
  199  12:04  Spine Crawler x2  
  199  12:08  Lurker x2  
  198  12:10  Overseer  
  198  12:11  Overseer  
  198  12:15  Lurker  
  199  12:21  Lurker  
  200  12:23  Adaptive Talons  
  200  12:29  Hatchery  
  193  12:33  Lurker x4  
  193  12:35  Zergling x4  
  193  12:36  Zergling x10  
  199  12:40  Lurker x2  
  199  13:00  Extractor  
  199  13:02  Extractor  
  183  13:20  Zergling x18  
  183  13:24  Viper x2  
  183  13:25  Viper x2  
  194  13:40  Hydralisk  
  194  13:41  Hydralisk x11  
  178  13:44  Zerg Missile Weapons Level 3  
  200  13:48  Spore Crawler  
  200  13:50  Spine Crawler  
  200  13:51  Spine Crawler  
  197  14:07  Zerg Ground Armor Level 3  
  197  14:10  Adrenal Glands  
  197  14:21  Hydralisk  
  198  14:42  Hydralisk x2  
  196  14:45  Hydralisk x2  
  196  14:46  Hydralisk  
  196  14:51  Hydralisk x2  
  199  14:56  Hydralisk  
  199  15:05  Viper x2  
  199  15:06  Viper x2  
  185  15:09  Hydralisk x7  
  185  15:13  Spine Crawler  
  198  15:16  Overseer  
  198  15:21  Spore Crawler  
  198  15:28  Hydralisk x4  
  182  15:37  Hydralisk x9  
  182  15:41  Roach  
  182  15:42  Roach  
  198  15:49  Overlord x2  
  198  16:03  Lurker x5  
  193  16:19  Lurker x4  
  193  16:20  Drone x3  
  197  16:32  Hydralisk  
  199  16:40  Roach  
  196  17:00  Roach x2  
  197  17:08  Hatchery  
  197  17:13  Overseer  
  196  17:21  Overseer  
  178  17:31  Roach  
  178  17:32  Roach x10  
  178  17:34  Overseer  
  188  17:37  Roach x7  
  188  17:40  Roach x3  
  199  17:52  Extractor  
  199  17:54  Roach  
  195  18:06  Roach x2  
  195  18:10  Roach x3  
  198  18:14  Hydralisk  
  198  18:17  Overseer  
  194  18:45  Hatchery  
Tags
 
Add a new tag
Caveats
  • Supply blocks, unpowered buildings, or Contaminate may cause inaccurate times.
  • Supply counts are checked every 10 seconds.